 Dungeon Crawl Stone Soup version 0.30-a0-639-g3916f1956a (webtiles) character file.

Game seed: 10904840411758169738

476 Newt the Trooper (level 6, 0/43 (48) HPs)
             Began as a Demonspawn Gladiator on Jan 15, 2023.
             Was an Initiate of Qazlal.
             Slain by Pikel
             ... wielding a +2 whip of flaming
              (4 damage)
             ... on level 6 of the Dungeon.
             The game lasted 00:04:17 (2777 turns).

Newt the Trooper (Demonspawn Gladiator)             Turns: 2777, Time: 00:04:17

HP:   0/43 (48)     AC:  6    Str: 17    XL:     6   Next: 84%
MP:   6/6           EV: 13    Int:  9    God:    Qazlal [......]
Gold: 126           SH:  0    Dex: 14    Spells: 5/5 levels left

rFire   . . .      SeeInvis .    u - +4 flail
rCold   . . .      Faith    .    (no shield)
rNeg    . . .      Spirit   .    b - +0 leather armour
rPois   .          Reflect  .    c - +1 helmet
rElec   .          Harm     .    (no cloak)
rCorr   .          Rampage  .    g - +0 pair of gloves
Will    .....                    (no boots)
Stlth   ++                       (no amulet)
HPRegen 0.27/turn                (no ring)
MPRegen 0.10/turn                (no ring)

@: heavily drained
A: ignite blood 2, spiny 2, weakness stinger 1
a: Renounce Religion


You were on level 6 of the Dungeon.
You worshipped Qazlal.
Qazlal was noncommittal.
You visited 1 branch of the dungeon, and saw 5 of its levels.
You also visited: Sewer.

You collected 126 gold pieces.

Inventory:

Hand Weapons
 a - a +1 rapier
 r - a +1 dagger of protection
 u - a +4 flail (weapon)
Missiles
 d - a throwing net (quivered)
 e - 5 javelins
 f - 4 atropa-tipped darts
 j - 3 curare-tipped darts
Armour
 b - a +0 leather armour (worn)
 c - a +1 helmet (worn)
 g - a +0 pair of gloves (worn)
Scrolls
 i - 2 scrolls of amnesia
 k - 3 scrolls of enchant weapon
 l - a scroll of fear
 s - 3 scrolls of identify
Potions
 h - a potion of heal wounds
 m - 2 potions of curing {unknown}
 n - a potion of magic {unknown}
 o - 2 potions of mutation {unknown}
 p - a potion of haste {unknown}
 q - a potion of cancellation {unknown}
 t - a potion of attraction {unknown}


   Skills:
 - Level 4.0 Fighting
 - Level 2.6 Short Blades
 - Level 1.7 Throwing
 + Level 3.6 Armour
 - Level 4.0 Dodging
 - Level 3.0 Stealth


You had 5 spell levels left.
You didn't know any spells.
Your spell library contained the following spells:

 Spells                   Type           Power      Damage    Failure   Level
 Necrotise                Necr           0%         1d4       43%         1
 Sublimation of Blood     Necr           0%         N/A       58%         2
 Wereblood                Tmut           0%         N/A       58%         2
 Vampiric Draining        Necr           0%         2d6       82%         3
 Agony                    Necr           0%         N/A       100%        5
 Summon Hydra             Summ           0%         N/A       100%        7


Dungeon Overview and Level Annotations

Branches:
Dungeon (4/15)              Sewer (visited)
 Temple: D:4-7

Altars:
Ashenzari
Qazlal
Sif Muna
Wu Jian

Annotations:
D:6 2 runed translucent doors, Pikel


Innate Abilities, Weirdness & Mutations

Your demonic aura often causes spilled blood to erupt in flames.
You are mostly covered in sharp spines.
You have a small tail.


Message History

Pikel is heavily wounded.
Pikel is struck by your spines. Pikel barely misses you.
You closely miss Pikel. You tail-slap Pikel.
Pikel is heavily wounded.
Pikel hits you with a +2 whip of flaming.
* * * LOW HITPOINT WARNING * * *
Pikel burns you.
* * * LOW HITPOINT WARNING * * *
Throw: 3 throwing nets
Press: ? - help, Q - select action, (/) - cycle Shift-Dir - straight line, f - Pikel
Aim: Pikel, wielding a +2 whip of flaming and wearing a +2 robe (heavily wounded, 53% to hit)
You throw a throwing net. The throwing net hits Pikel.
Pikel is caught in the net!
Pikel is heavily wounded.
Pikel struggles against the net.
You hit Pikel. You tail-slap Pikel, but do no damage.
Pikel is heavily wounded.
Pikel struggles against the net.
Pikel drinks a potion.
Pikel is healed!
Pikel struggles against the net.
You hit Pikel.
Pikel is lightly wounded.
You hit Pikel.
Pikel is lightly wounded.
Pikel struggles against the net.
You hit Pikel but do no damage. You tail-slap Pikel, but do no damage.
Pikel is lightly wounded.
Pikel struggles against the net. x2
The net rips apart, and Pikel comes free!
Throw: 2 throwing nets
Press: ? - help, Q - select action, (/) - cycle Shift-Dir - straight line, f/p - Pikel
Aim: Pikel, wielding a +2 whip of flaming and wearing a +2 robe (lightly wounded, 53% to hit)
You throw a throwing net. The throwing net closely misses Pikel.
The throwing net hits the lemure.
The lemure is caught in the net!
The lemure is severely wounded.
The lemure struggles against the net.
Pikel is struck by your spines.
Pikel hits you with a +2 whip of flaming!
* * * LOW HITPOINT WARNING * * *
Pikel burns you.
You die... ###..... ....... .....# ....# ...## 555

#5# #K# #@# #
.######.###
#............#
#...8####8...##
+....'....#
....8#..#8....#
..# #++####..#
#..# #..# #..#
#..#


You could see Pikel and 4 lemures.

Vanquished Creatures
  A necrophage (D:3)
  2 wights
  3 jellies (Sewer)
  6 adders
  3 gnolls (D:2)
  3 river rats (Sewer)
  3 worms
  3 dart slugs (D:2)
  2 orcs
  8 ball pythons
  8 endoplasms
  12 giant cockroaches
  8 goblins
  10 hobgoblins
  3 jackals (D:4)
  9 kobolds
  3 quokkas
  5 bats
  9 frilled lizards
  11 rats
112 creatures vanquished.

Notes
Turn   | Place    | Note
-------+----------+-------------------------------------------
     0 | D:1      | Newt the Demonspawn Gladiator began the quest for the Orb.
     0 | D:1      | Reached XP level 1. HP: 16/16 MP: 1/1
   125 | D:1      | Reached skill level 1 in Stealth
   175 | D:1      | Gained mutation: You have a small tail. [demonic ancestry]
   175 | D:1      | Reached XP level 2. HP: 20/22 MP: 2/2
   426 | D:1      | Gained mutation: You are partially covered in sharp spines.
                  | [demonic ancestry]
   426 | D:1      | Reached XP level 3. HP: 23/27 MP: 3/3
   957 | D:2      | Gained mutation: Your demonic aura sometimes causes spilled
                  | blood to erupt in flames. [demonic ancestry]
   957 | D:2      | Reached XP level 4. HP: 34/34 MP: 4/4
  1509 | D:3      | Found a glowing drain.
  1537 | Sewer    | Entered a sewer
  1551 | Sewer    | Gained mutation: You are mostly covered in sharp spines.
                  | [demonic ancestry]
  1551 | Sewer    | Reached XP level 5. HP: 42/42 MP: 5/5
  1783 | Sewer    | Reached skill level 1 in Armour
  1805 | Sewer    | Found a shimmering altar of Xom.
  1827 | Sewer    | Gained mutation: Your demonic aura often causes spilled
                  | blood to erupt in flames. [demonic ancestry]
  1827 | Sewer    | Reached XP level 6. HP: 48/48 MP: 6/6
  1971 | D:3      | Found a shimmering blue altar of Sif Muna.
  1971 | D:3      | Found a stormy altar of Qazlal.
  1971 | D:3      | Found an ornate altar of the Wu Jian Council.
  1971 | D:3      | Found a broken altar of Ashenzari.
  1995 | D:3      | Became a worshipper of Qazlal Stormbringer
  2745 | D:4      | You fall into a shaft and drop 2 floors!
  2745 | D:6      | Found a large runed translucent door.
  2745 | D:6      | Found a large runed translucent door.
  2756 | D:6      | Noticed Pikel
  2777 | D:6      | Slain by Pikel

Illustrated notes

Levels and vault maps discovered:
D:1:      dpeg_arrival_tiny_c, layout_loops_ring
D:2:      layout_loops_ring, minmay_crystal_water,
          nicolae_kite_square_tiling_tiny, st_stairs_4
D:3:      layout_rooms, chequers_temple_overflow_statue_of_worship,
          gup_sewer_entry_glass, minmay_cupped
D:4:      layout_loops_ring, vehumet_statue, minmay_shop_mass, uniq_edmund
D:6:      layout_loops_ring, jmf_multi_god_temple2, uniq_pikel, uniq_menkaure,
          uniq_blork_the_orc

Skill      XL: |  1  2  3  4  5  6 |
---------------+-------------------+-----
Stealth        | 1 2 3 |  3.0
Fighting       | 4 |  4.0
Dodging        | 4 |  4.0
Armour         | 1 3 |  3.6
Short Blades   | |  2.6
Throwing       | |  1.7

Action                   |  1- 3 |  4- 6 || total
-------------------------+-------+-------++-------
Melee: Rapier            |    97 |   112 ||   209
       Tailslap          |    11 |    20 ||    31
       Punch             |     2 |     1 ||     3
       Dagger            |       |    20 ||    20
       Flail             |       |    18 ||    18
Throw: Throwing net      |       |     2 ||     2
  Use: Scroll            |     3 |     5 ||     8
 Stab: Sleeping          |     9 |     4 ||    13
Armor: Leather armour    |    19 |    37 ||    56
Dodge: Dodged            |    49 |    72 ||   121

Table legend: (Time is in decaauts)
 A = Elapsed time spent in this place.
 B = Non-inter-level travel time spent in this place.
 C = Inter-level travel time spent in this place.
 D = Time resting spent in this place.
 E = Time spent auto-exploring this place.
 F = Levels seen in this place.
 G = Mean time per level.
                   A        B        C        D        E       F      G
               +--------+--------+--------+--------+--------+-----+--------+
         Total |   2826 |   2757 |     69 |    348 |   1692 |   6 |  471.0 |
       Dungeon |   2439 |   2370 |     69 |    348 |   1470 |   5 |  487.8 |
         Sewer |    386 |    386 |      0 |      0 |    222 |   1 |  386.0 |
               +--------+--------+--------+--------+--------+-----+--------+

Top non-repeatable levels by time:
     D:3: 831 daAuts
     D:1: 722 daAuts
     D:2: 699 daAuts
   Sewer: 386 daAuts
     D:4: 148 daAuts
     D:6: 38 daAuts
